 Dungeon Crawl Stone Soup version 0.25-b1-23-ge2ad7d536c (webtiles) character file.

Game seed: 9080174222397154291, levelgen mode: deterministic

688 Esekla the Magician (level 7, -11/67 HPs)
             Began as an Octopode Wizard on June 3, 2020.
             Was an Elder of Lugonu.
             Mangled by a wraith (12 damage)
             ... in an ossuary.
             The game lasted 00:37:43 (5088 turns).

Esekla the Magician (Octopode Wizard)               Turns: 5088, Time: 00:37:44

Health: -11/67     AC:  1    Str:  4    XL:     7   Next: 63%
Magic:  0/12       EV: 13    Int: 20    God:    Lugonu [****..]
Gold:   186        SH:  0    Dex: 11    Spells: 6/13 levels left

rFire    . . .     SeeInvis .   u - +0 falchion
rCold    . . .     Gourm    .   (no shield)
rNeg     . . .     Faith    .   a - +0 hat
rPois    .         Spirit   +   e - amulet of guardian spirit
rElec    .         Reflect  .   s - -4 ring of strength (curse)
rCorr    .         Harm     .   (no ring)
MR       .....                  (no ring)
Stlth    ..........             (no ring)
HPRegen  0.21/turn              (no ring)
MPRegen  0.13/turn              (no ring)
                                (no ring)
                                (no ring)

@: berserking (expiring), starving, slowed, lightly drained
A: almost no armour, stealthy swim, amphibious, 8 rings, constrict 8, camouflage
1, gelatinous body 1
a: Depart the Abyss, Bend Space, Banish, Corrupt, Renounce Religion


You were in an ossuary.
You worshipped Lugonu.
Lugonu was greatly pleased with you.
You were starving.

You visited 1 branch of the dungeon, and saw 5 of its levels.
You also visited: Ossuary.

You collected 186 gold pieces.

Inventory:

Hand Weapons
 q - a +2 rapier of draining
 u - a +0 falchion (weapon)
 y - a +3 trident
Armour
 a - a +0 hat (worn)
Jewellery
 e - an amulet of guardian spirit (around mantle)
 l - an uncursed amulet of regeneration
 s - a cursed -4 ring of strength (left tentacle)
Wands
 m - a wand of acid (4)
 r - a wand of flame (18)
Scrolls
 b - 2 scrolls of immolation {unknown}
 d - 2 scrolls of fear {unknown}
 f - a scroll of random uselessness {unknown}
 g - a scroll of identify
 j - a scroll of amnesia
 k - 2 scrolls of fog
 o - a scroll of enchant weapon
 p - a scroll of teleportation
 w - a scroll of remove curse {unknown}
Potions
 i - 2 potions of flight
 n - 2 potions of haste
 t - a potion of magic {unknown}
 v - 3 potions of stabbing {unknown}
 z - a potion of lignification {unknown}
 A - a potion of mutation {unknown}
 B - a potion of might {unknown}
Comestibles
 c - 13 rations


   Skills:
 + Level 2.3(1.9) Fighting
 + Level 2.7(2.4) Short Blades
 + Level 0.7(1.5) Long Blades
 + Level 3.0(2.7) Dodging
 - Level 2.6(2.3) Stealth
 + Level 3.9(3.5) Spellcasting
 + Level 2.2(1.9) Conjurations
   Level 1.0(0.6) Summonings
   Level 2.0(1.6) Translocations
 * Level 2.3(1.9) Air Magic
 * Level 3.5(3.1) Poison Magic
 * Level 2.7(2.3) Invocations


You had 6 spell levels left.
You knew the following spells:

 Your Spells              Type           Power        Failure   Level  Hunger
a - Magic Dart            Conj           ##..         6%          1    None
c - Mephitic Cloud        Conj/Pois/Air  ##......     16%         3    ###....
f - Conjure Flame         Conj/Fire      #.......     26%         3    ###....

Your spell library contained the following spells:

 Spells                   Type           Power        Failure   Level  Hunger
 Blink                    Tloc           N/A          11%         2    ##.....
 Call Imp                 Summ           #.......     16%         2    ##.....
 Slow                     Hex            #.......     21%         2    ##.....


Dungeon Overview and Level Annotations

Branches:
Dungeon (5/15)            Ossuary (1/1)
 Temple: D:4-7

Altars:
Hepliaklqana
Kikubaaqudgha
Nemelex Xobeh
Okawaru
Trog
Uskayaw
Vehumet
Wu Jian
Lugonu

Shops:
D:4 [


Innate Abilities, Weirdness & Mutations

You cannot wear most types of armour.
You are very stealthy in the water. (Stealth+)
You are amphibious.
You can wear up to eight rings at the same time.
You can use your tentacles to constrict eight enemies at once.
Your skin changes colour to match your surroundings (Stealth+).
Your rubbery body absorbs attacks. (AC +1, EV +1)


Message History

The wraith drains your vigour!
You feel as though you will be slow longer.
You hit the wraith.
The wraith is moderately damaged.
The wraith hits you!
* * * LOW HITPOINT WARNING * * *
Okay, then.
You hit the wraith.
The wraith is heavily damaged.
The wraith hits you!
* * * LOW HITPOINT WARNING * * *
You are too berserk!
You closely miss the wraith.
The wraith is heavily damaged.
The wraith misses you.
You hit the wraith but do no damage.
The wraith is heavily damaged.
You are starving!
The wraith hits you!
You die...

..# #W# #............ .#
8.#####▓###.###..!?/..# .#
....'.....'.# #..?/?..# .#
8.#####▓###.###..?!?..###.#
..# #z# #............. .#
### ### #.###..###..## .#
#.#.#..#z#..#.#.#
#.'##..###..##'.#
#.....@W).......#
#################


You could see a wraith.

Vanquished Creatures
  2 ogres (D:4)
  A scorpion (D:4)
  2 wights (Ossuary)
  A hound (D:4)
  2 orc priests (D:4)
  2 orc wizards (D:4)
  Ijyb (D:3)
  A worker ant (D:5)
  Robin (D:2)
  5 adders
  An ooze (D:3)
  5 adder zombies (Ossuary)
  4 worms
  A dart slug (D:2)
  14 orcs
  6 giant cockroaches
  6 hobgoblins
  A quokka (D:4)
  2 ball pythons
  3 ball python skeletons (Ossuary)
  4 bats
  4 frilled lizards
  16 goblins
  A hobgoblin zombie (Ossuary)
  8 kobolds
  A leopard gecko zombie (D:5)
  An orc skeleton (Ossuary)
  9 rats
105 creatures vanquished.

Notes
Turn   | Place    | Note
-------+----------+-------------------------------------------
     0 | D:1      | Esekla the Octopode Wizard began the quest for the Orb.
     0 | D:1      | Reached XP level 1. HP: 11/11 MP: 4/4
    33 | D:1      | You fall into a shaft and drop 1 floor!
    41 | D:2      | Found a faded altar of an unknown god.
    73 | D:2      | Became a worshipper of Lugonu the Unformed
    73 | D:2      | Reached * piety under Lugonu
    73 | D:2      | Reached ** piety under Lugonu
   290 | D:1      | Reached XP level 2. HP: 14/18 MP: 4/6
   454 | D:1      | Reached skill level 1 in Fighting
   530 | D:1      | Learned a level 2 spell: Blink
   883 | D:2      | Reached XP level 3. HP: 21/23 MP: 5/7
   916 | D:2      | Found an iron altar of Okawaru.
  1435 | D:2      | Learned a level 3 spell: Mephitic Cloud
  1439 | D:2      | Learned a level 3 spell: Conjure Flame
  1480 | D:2      | Reached skill level 1 in Invocations
  1552 | D:2      | Found a hide-covered altar of Uskayaw.
  1595 | D:2      | Noticed Robin
  1614 | D:2      | Killed Robin
  1614 | D:2      | Reached XP level 4. HP: 25/28 MP: 1/9
  1641 | D:2      | Reached *** piety under Lugonu
  1985 | D:3      | Found a radiant altar of Vehumet.
  2005 | D:3      | Noticed Ijyb
  2045 | D:3      | Killed Ijyb
  2045 | D:3      | Reached XP level 5. HP: 33/33 MP: 3/10
  2101 | D:3      | Reached skill level 1 in Short Blades
  2101 | D:3      | Reached skill level 1 in Air Magic
  2101 | D:3      | Reached skill level 1 in Poison Magic
  2960 | D:4      | Noticed an ogre
  2969 | D:4      | Killed an ogre
  2969 | D:4      | Reached XP level 6. HP: 9/39 MP: 7/11
  3048 | D:4      | Found an ancient bone altar of Kikubaaqudgha.
  3241 | D:4      | Reached XP level 7. HP: 28/45 MP: 0/12
  3310 | D:4      | Found an ornate altar of the Wu Jian Council.
  3406 | D:4      | Found Midgho's Armour Boutique.
  3477 | D:4      | Found a hazy altar of Hepliaklqana.
  4305 | D:5      | Entered Level 5 of the Dungeon
  4307 | D:5      | Found a bloodstained altar of Trog.
  4337 | D:5      | Reached **** piety under Lugonu
  4374 | D:5      | Found a sparkling altar of Nemelex Xobeh.
  4399 | D:5      | Found a sand-covered staircase.
  4607 | Ossuary  | Entered an ossuary
  4840 | Ossuary  | Noticed a wraith
  4840 | Ossuary  | Noticed a flying skull
  5010 | Ossuary  | Noticed a flying skull
  5052 | Ossuary  | Noticed a wraith
  5086 | Ossuary  | HP: 1/67 [wraith (7)]
  5088 | Ossuary  | Mangled by a wraith

Illustrated notes

Levels and vault maps discovered:
D:1:      dpeg_arrival_stone_temple_mockup, layout_rooms, minmay_misc_feat_room,
          minmay_pentomino_s2
D:2:      layout_basic, eat_drink_and_be_merry_uskayaw, old_standard_altar,
          chequers_ecumenical_altar_simple, serial_bayou_ford_a, uniq_robin
D:3:      layout_basic, fiery_altar_vehumet, uniq_ijyb
D:4:      layout_layer_cave, kennysheep_mini_moat, lemuel_doored_altar,
          kennysheep_little_box, serial_shops, nicolae_shop_behind_doors,
          first_ration
D:5:      layout_rooms, nemelex_xobeh_ov_fountains_minmay,
          overflow_temple_1_default, old_standard_altar, enter_ossuary_5
Ossuary:  ossuary_due_cavern

Skill      XL: |  1  2  3  4  5  6  7 |
---------------+----------------------+-----
Fighting       | 1 2 |  2.3
Invocations    | 1 2 |  2.7
Short Blades   | 1 2 |  2.7
Air Magic      | 1 2 |  2.3
Poison Magic   | 1 2 3 |  3.5
Conjurations   | 2 |  2.2
Translocations | 2 |  2.0
Dodging        | 3 |  3.0
Long Blades    | |  0.7
Stealth        | |  2.6
Spellcasting   | |  3.9
Summonings     | |  1.0

Action                   |  1- 3 |  4- 6 |  7- 9 || total
-------------------------+-------+-------+-------++-------
Melee: Dagger            |    69 |    67 |       ||   136
       Unarmed           |     5 |       |       ||     5
       Constrict         |    19 |    25 |    27 ||    71
       Tentacles         |     8 |    16 |    17 ||    41
       Rapier            |       |    41 |     6 ||    47
       Falchion          |       |       |    87 ||    87
       Trident           |       |       |    19 ||    19
 Cast: Magic Dart        |    45 |    20 |     8 ||    73
       Mephitic Cloud    |       |     5 |       ||     5
       Conjure Flame     |       |       |     4 ||     4
Invok: Bend Space        |       |     3 |     2 ||     5
  Use: Scroll            |       |     4 |     4 ||     8
       Potion            |       |       |     1 ||     1
 Stab: Sleeping          |     4 |    12 |     9 ||    25
       Confused          |       |     3 |       ||     3
  Eat: Chunk             |     2 |     5 |     5 ||    12
Armor: Skin              |    10 |     4 |     7 ||    21
Dodge: Dodged            |    66 |    38 |    53 ||   157
       Rpst.: Falchion   |       |       |    21 ||    21
